 Dungeon Crawl Stone Soup version 0.27-a0-1101-ge311f74bc8 (webtiles) character file.

Game seed: 4068894160450775941

66 siradein the Chopper (level 4, -5/39 HPs)
             Began as a Hill Orc Fighter on Apr 28, 2021.
             Slain by a gnoll
             ... wielding a +0 halberd
              (12 damage)
             ... on level 1 of the Dungeon.
             The game lasted 00:04:34 (1766 turns).

siradein the Chopper (Hill Orc Fighter)             Turns: 1766, Time: 00:04:35

Health: -5/39      AC:  7    Str: 19    XL:     4   Next: 15%
Magic:  4/4        EV:  7    Int:  8    God:
Gold:   38         SH:  9    Dex: 10    Spells: 3/3 levels left

rFire    . . .     SeeInvis .   a - +0 war axe
rCold    + . .     Faith    .   c - +0 kite shield
rNeg     . . .     Spirit   .   i - +1 scale mail {rC+}
rPois    .         Reflect  .   (no helmet)
rElec    .         Harm     .   (no cloak)
rCorr    .         Rampage  .   (no gloves)
Will     .....                  (no boots)
Stlth    ..........             (no amulet)
HPRegen  0.13/turn              (no ring)
MPRegen  0.09/turn              (no ring)

@: no status effects
A: no striking features
a: no special abilities


You were on level 1 of the Dungeon.
You visited 1 branch of the dungeon, and saw 2 of its levels.

You collected 38 gold pieces.

Inventory:

Hand Weapons
 a - a +0 war axe (weapon)
Armour
 c - a +0 kite shield (worn)
 i - a +1 scale mail of cold resistance (worn)
Scrolls
 f - a scroll of teleportation {unknown}
 g - a scroll of noise {unknown}
Potions
 d - a potion of might
 e - 3 potions of curing {unknown}
 h - a potion of haste {unknown}


   Skills:
 - Level 3.6 Fighting
 + Level 5.7 Axes
 - Level 3.2 Armour
 - Level 3.2 Shields


You had 3 spell levels left.
You didn't know any spells.
Your spell library was empty.

Dungeon Overview and Level Annotations

Branches:
Dungeon (2/15)

Altars:


Message History

The gnoll shouts!
You block the gnoll's attack.
You slash the gnoll!
The gnoll is severely wounded.
The gnoll hits you with a +0 spear. The gnoll hits you but does no damage.
You hit the gnoll but do no damage.
The gnoll is severely wounded.
You block the gnoll's attack.
You hit the gnoll but do no damage.
The gnoll is severely wounded.
The gnoll hits you but does no damage. The gnoll barely misses you.
You slash the gnoll!
You kill the gnoll!
The gnoll shouts! x2
Things that are here:
a +0 spear; a +0 ring mail; a gnoll corpse
There are monsters nearby!
The gnoll shouts!
You see here 28 stones.
There is a stone staircase leading up, spattered with blood here.
The gnoll hits you with a +0 halberd!
There is a stone staircase leading up, spattered with blood here.
You block the gnoll's attack.
You climb upwards.
There is a stone staircase leading down, spattered with blood here.
You block the gnoll's attack.
Things that are here:
a +0 club; an orc corpse
Things that are here:
4 stones; a +0 dagger You see here a +0 short sword.
You start resting.
A gnoll is nearby!
The gnoll hits you with a +0 halberd!
You barely miss the gnoll. The gnoll hits you with a +0 halberd!
* * * LOW HITPOINT WARNING * * *
You hit the gnoll.
The gnoll is moderately wounded.
You block the gnoll's attack. The gnoll hits you with a +0 halberd!
You die...

###########
.....#....#
.....#....# ###
.....#..)>#######.#
................@.#
.....#....#######g#
.....#....# #.#
.....#....# #.#
..........# #.#
..###'###.# #.#
.##.....### #.#
##.⌠...⌠.## #.#
#....8....## #.#


You could see a gnoll.

Vanquished Creatures
  A gnoll (D:2)
  A worm (D:1)
  3 dart slugs (D:1)
  3 orcs (D:1)
  3 bats (D:1)
  3 endoplasms
  A giant cockroach (D:1)
  3 goblins (D:1)
  6 hobgoblins (D:1)
  8 kobolds (D:1)
  3 quokkas (D:1)
  3 frilled lizards (D:1)
  3 rats
41 creatures vanquished.

Notes
Turn   | Place    | Note
-------+----------+-------------------------------------------
     0 | D:1      | siradein the Hill Orc Fighter began the quest for the Orb.
     0 | D:1      | Reached XP level 1. HP: 19/19 MP: 1/1
    36 | D:1      | Reached skill level 3 in Axes
    91 | D:1      | Reached XP level 2. HP: 21/26 MP: 2/2
   276 | D:1      | Reached skill level 4 in Axes
   539 | D:1      | Reached XP level 3. HP: 30/31 MP: 3/3
   600 | D:1      | Found a faded altar of an unknown god.
  1057 | D:1      | Reached skill level 5 in Axes
  1593 | D:2      | Reached XP level 4. HP: 39/39 MP: 4/4
  1766 | D:1      | Slain by a gnoll

Illustrated notes

Levels and vault maps discovered:
D:1:      ncdulo_halloftheorcs, layout_rooms,
          shapermc_ecumenical_altar_notcrosses
D:2:      layout_rooms, kennysheep_generic_room_15

Skill      XL: |  1  2  3 |
---------------+----------+-----
Axes           | 3 4 5 |  5.7
Fighting       | |  3.6
Armour         | |  3.2
Shields        | |  3.2

Action                   |  1- 3 |  4- 6 || total
-------------------------+-------+-------++-------
Melee: War axe           |   125 |     6 ||   131
Armor: Scale mail        |    56 |     2 ||    58
Dodge: Dodged            |    35 |     1 ||    36
Block: Kite shield       |    69 |     5 ||    74

Table legend: (Time is in decaauts)
 A = Elapsed time spent in this place.
 B = Non-inter-level travel time spent in this place.
 C = Inter-level travel time spent in this place.
 D = Time resting spent in this place.
 E = Time spent auto-exploring this place.
 F = Levels seen in this place.
 G = Mean time per level.
                   A        B        C        D        E       F      G
               +--------+--------+--------+--------+--------+-----+--------+
         Total |   1846 |   1839 |      7 |    332 |    978 |   2 |  923.0 |
       Dungeon |   1846 |   1839 |      7 |    332 |    978 |   2 |  923.0 |
               +--------+--------+--------+--------+--------+-----+--------+

Top non-repeatable levels by time:
     D:1: 1669 daAuts
     D:2: 177 daAuts
